 Dungeon Crawl Stone Soup version 0.22-a0-322-g60b3cfd (webtiles) character file.

27 4thArraOfDagon the Vexing (level 2, 0/19 HPs)
             Began as a Mummy Enchanter on Apr 2, 2018.
             Slain by a gnoll (7 damage)
             ... on level 2 of the Dungeon.
             The game lasted 00:02:20 (628 turns).

4thArraOfDagon the Vexing (Mummy Enchanter)          Turns: 628, Time: 00:02:21

Health: 0/19       AC:  2    Str: 11    XL:     2   Next: 93%
Magic:  5/5        EV: 12    Int: 14    God:
Gold:   54         SH:  0    Dex: 12    Spells: 3/6 levels left

rFire    x . .     SeeInvis .   a - +1 dagger
rCold    + . .     Gourm    .   (no shield)
rNeg     + + +     Faith    .   h - +0 robe (curse)
rPois    ∞         Spirit   .   (no helmet)
rElec    .         Reflect  .   (no cloak)
rCorr    .         Harm     .   (no gloves)
MR       .....                  (no boots)
Stlth    ++........             (no amulet)
HPRegen  0.06/turn              (no ring)
MPRegen  0.09/turn              (no ring)

@: no status effects
A: no food or potions, fire vulnerability, cold resistance 1, negative energy
resistance 3, torment resistance, unbreathing
a: no special abilities


You were on level 2 of the Dungeon.
You were not hungry.

You visited 1 branch of the dungeon, and saw 2 of its levels.

You collected 54 gold pieces.

Inventory:

Hand Weapons
 a - a +1 dagger (weapon)
Armour
 b - a +0 robe
 h - a cursed +0 robe (worn)
Scrolls
 c - 2 scrolls of amnesia {unknown}
 d - a scroll of identify {unknown}
 f - a scroll of teleportation {unknown}


   Skills:
 * Level 2.4 Short Blades
 - Level 1.5 Dodging
 - Level 2.4 Stealth
 - Level 2.6 Spellcasting
 - Level 2.6 Hexes


You had 3 spell levels left.
You knew the following spells:

 Your Spells              Type           Power        Failure   Level  Hunger
a - Corona                Hex            #......      8%          1    N/A
b - Ensorcelled Hibernat  Hex/Ice        #.....       19%         2    N/A

Dungeon Overview and Level Annotations

Branches:
Dungeon (2/15)

Altars:
Ashenzari


Innate Abilities, Weirdness & Mutations

You do not eat or drink.
Your flesh is vulnerable to fire.
You are immune to poison.
Your flesh is cold resistant. (rC+)
You are immune to negative energy. (rN+++)
You are immune to unholy pain and torment.
You can survive without breathing.


Message History

You see here a giant cockroach corpse.
A gnoll comes into view. It is wielding a spear.
Unknown command.
The gnoll hits you with a spear!
Unknown command.
The gnoll hits you from afar with a spear.
Unknown command.
Unknown command.
A hobgoblin comes into view. It is wielding an enchanted hand axe.
You see here a coppery potion.
Unknown command.
Unknown command.
As you read the scroll labeled RIECLEBIDE, it crumbles to dust.
You feel aware of your surroundings.
It was a scroll of magic mapping.
The hobgoblin shouts!
The gnoll barely misses you.
As you read the scroll labeled KOTOFIPLYA, it crumbles to dust.
The scroll dissolves into smoke.
It was a scroll of fog.
The gnoll closely misses you. The gnoll hits you!
You die...

####.#
******#.#***** #.#
*,,,,,...,,,,, #.#
*,****...,,,,, #.#
*,* #..##***, #.#
*,* #K.* *, #§# *,*
#,.## *, #g# *,*
#...# *, #§# *,*
#.#.# *,
###@##*,####.#.####.
#§g§§#*,,......>..r.
#g#§##*****#....$...
#.### **#.#****
**######.#### #.# *
*******...........#
##.## *
*,,,,,,..>........#
###...##**
*,*,*,*.######.##.#
#...#..... *,,*,,,,*
#.##†######.#...####


You could see 2 gnolls and a hobgoblin.

Vanquished Creatures
  An adder (D:2)
  A bat (D:2)
  2 giant cockroaches (D:2)
  2 goblins (D:1)
  3 hobgoblins (D:1)
  A quokka (D:2)
  2 frilled lizards (D:1)
  2 kobolds
  4 rats
18 creatures vanquished.

Notes
Turn   | Place    | Note
-------+----------+-------------------------------------------
     0 | D:1      | 4thArraOfDagon the Mummy Enchanter began the quest for the Orb.
     0 | D:1      | Reached XP level 1. HP: 13/13 MP: 4/4
    31 | D:1      | Reached skill level 1 in Short Blades
   268 | D:1      | Reached XP level 2. HP: 15/19 MP: 0/5
   280 | D:1      | Learned a level 2 spell: Ensorcelled Hibernation
   438 | D:2      | Found a shattered altar of Ashenzari.
   628 | D:2      | Slain by a gnoll

Vault maps used:
D:1:      nicolae_arrival_washed_ashore
D:2:      lemuel_statue_altar, uniq_terence

Skill      XL: |  1  2 |
---------------+-------+-----
Short Blades   | 1 2 |  2.4
Dodging        | |  1.5
Stealth        | |  2.4
Spellcasting   | |  2.6
Hexes          | |  2.6

Action                   || total
-------------------------++-------
Melee: Dagger            ||    63
 Cast: Corona            ||     9
       Ensorcelled Hiber ||     5
  Use: Scroll            ||     2
 Stab: Sleeping          ||     7
Armor: Robe              ||    11
Dodge: Dodged            ||    30

Table legend:
 A = Spawn XP
 B = Non-spawn XP
 C = Spawn XP percentage of total XP
 D = Spawn monster count
 E = Non-spawn monster count
 F = Spawn count percentage of total count
 G = Total turns spent on level
                    A         B        C        D         E        F      G
               +---------+---------+-------+---------+---------+-------+---------
         Total |       0 |      39 |   0.0 |       0 |      18 |   0.0 |   628
               +---------+---------+-------+---------+---------+-------+---------
           D:1 |       0 |      15 |   0.0 |       0 |      10 |   0.0 |   373
           D:2 |       0 |      24 |   0.0 |       0 |       8 |   0.0 |   255
               +---------+---------+-------+---------+---------+-------+---------
